[Event "Titled Tuesday Blitz May 23 Early 2023"]
[White "Novikova, Galina"]
[Black "egorchess95"]
[WhiteFideId "4157095"]
[WhiteElo "1953"]
[BlackElo "2555"]
[Result "0-1"]
[Round "06"]
[TimeControl "180+2"]
[Date "2023.05.23"]
[WhiteClock "0:00:00"]
[BlackClock "0:01:01"]

1. e4 c5 2. Nf3 Nc6 3. d4 cxd4 4. Nxd4 Nf6 5. Nc3 e5 6. Ndb5 d6 7. Bg5 a6 8. Na3 Be6 9. Nd5 Bxd5 10. exd5 Qa5+ 11. c3 Qxd5 12. Qxd5 Nxd5 13. O-O-O Nb6 14. Be3 Nc8 15. Nc4 b5 16. Nb6 Nxb6 17. Bxb6 Be7 18. g3 O-O 19. Bg2 Rac8 20. Kb1 b4 21. c4 Nd8 22. b3 Ne6 23. Be3 Rfd8 24. Bb7 Rb8 25. Bxa6 Nc7 26. Bb5 Nxb5 27. cxb5 Rxb5 28. Rc1 d5 29. Rc7 Bf8 30. Rd1 d4 31. Bc1 Rbd5 32. Rc4 f5 33. Bd2 Rb8 34. Re1 e4 35. Bf4 Rb7 36. Rd1 d3 37. Be3 Be7 38. h4 Kf7 39. g4 g6 40. gxf5 gxf5 41. h5 Bf6 42. Bf4 Ra5 43. Bd2 Rxa2 0-1


[Site "https://www.chess.com"]

[Event "Titled Tuesday Blitz May 23 Early 2023"]
[White "Kabilov, Amin"]
[Black "Han, Yichen"]
[WhiteFideId "14700859"]
[BlackFideId "1054430"]
[WhiteElo "2110"]
[BlackElo "2342"]
[Result "0-1"]
[Round "06"]
[TimeControl "180+2"]
[Date "2023.05.23"]
[WhiteClock "0:00:00"]
[BlackClock "0:00:23"]

1. Nf3 d5 2. d4 c6 3. c4 Nf6 4. Nc3 dxc4 5. a4 Bf5 6. e3 e6 7. Bxc4 Bb4 8. O-O O-O 9. Qe2 Ne4 10. Nxe4 Bxe4 11. b3 Bc3 12. Ra2 Nd7 13. Ba3 Re8 14. Nd2 Bg6 15. Nf3 e5 16. Rd1 e4 17. Nd2 Qg5 18. Nf1 Bh5 19. Qc2 Bxd1 20. Qxc3 Nb6 21. Bb2 Nd5 22. Qd2 Bf3 23. Ng3 h5 24. gxf3 exf3 25. h4 Qxh4 26. Qd1 Qg4 0-1


[Site "https://www.chess.com"]

[Event "Titled Tuesday Blitz May 23 Early 2023"]
[White "Kotepalli, Sai Nirupama"]
[Black "Wadsworth, Matthew J"]
[WhiteFideId "5039444"]
[BlackFideId "415804"]
[WhiteElo "2387"]
[BlackElo "2347"]
[Result "0-1"]
[Round "06"]
[TimeControl "180+2"]
[Date "2023.05.23"]
[WhiteClock "0:00:45"]
[BlackClock "0:00:42"]

1. e4 e6 2. d3 d5 3. Nd2 Nf6 4. Ngf3 Be7 5. g3 c5 6. Bg2 Nc6 7. O-O b5 8. e5 Nd7 9. Qe2 a5 10. c3 Ba6 11. Re1 Qb6 12. Nf1 b4 13. Bf4 O-O 14. Ne3 Rfc8 15. Qd2 Qd8 16. h4 Rab8 17. Nxd5 exd5 18. e6 fxe6 19. Bxb8 Ncxb8 20. Rxe6 Nf8 21. Ree1 Bf6 22. Ne5 Ng6 23. Nxg6 hxg6 24. d4 cxd4 25. cxd4 Nc6 26. Rac1 Nxd4 27. Rxc8 Bxc8 28. Qd3 Bf5 29. Qa6 Kh7 30. Rd1 Be4 31. Bxe4 dxe4 32. Kg2 Qd5 33. Kg1 Nf3+ 0-1


[Site "https://www.chess.com"]

[Event "Titled Tuesday Blitz May 23 Early 2023"]
[White "Toncheva, Nadya"]
[Black "Davidson, Kevin"]
[WhiteFideId "2924056"]
[BlackFideId "2056810"]
[WhiteElo "2101"]
[BlackElo "2151"]
[Result "1-0"]
[Round "06"]
[TimeControl "180+2"]
[Date "2023.05.23"]
[WhiteClock "0:01:20"]
[BlackClock "0:00:00"]

1. e4 c5 2. c3 d5 3. exd5 Qxd5 4. Nf3 Nc6 5. d4 Bg4 6. Be2 cxd4 7. cxd4 e6 8. Nc3 Bb4 9. O-O Qa5 10. Rb1 Nf6 11. h3 Bh5 12. a3 Bd6 13. b4 Qd8 14. b5 Ne7 15. Ne5 Bxe2 16. Qxe2 Rc8 17. Ne4 Nxe4 18. Qxe4 Nd5 19. Rb3 O-O 20. Qg4 Nf6 21. Qg3 Nd7 22. Bh6 g6 23. Bxf8 Nxf8 24. Qf3 f6 25. Ng4 f5 26. Ne5 Qc7 27. Re1 Kg7 28. Nd3 Qe7 29. a4 Rc2 30. Rb2 Qc7 31. Rxc2 Qxc2 32. Qxb7+ Kh6 33. Ne5 Qd2 34. Nf7+ Kh5 35. Qf3+ 1-0


[Site "https://www.chess.com"]

[Event "Titled Tuesday Blitz May 23 Early 2023"]
[White "Makhmudov, Shukhrat"]
[Black "Saya, Ethan"]
[WhiteFideId "14200775"]
[BlackFideId "26095181"]
[WhiteElo "2135"]
[BlackElo "2164"]
[Result "1/2-1/2"]
[Round "06"]
[TimeControl "180+2"]
[Date "2023.05.23"]
[WhiteClock "0:00:19"]
[BlackClock "0:00:09"]

1. e4 c5 2. Nf3 d6 3. d4 cxd4 4. Nxd4 Nf6 5. Nc3 g6 6. Bg5 Bg7 7. Bxf6 Bxf6 8. Nd5 Bg7 9. Bb5+ Bd7 10. Bxd7+ Nxd7 11. c3 O-O 12. O-O Nc5 13. Re1 Re8 14. Nb3 Na4 15. Qe2 Nb6 16. Rad1 Rc8 17. Qe3 Nc4 18. Qe2 a6 19. h3 b5 20. Nb4 Qb6 21. Nd5 Qb7 22. Rd3 a5 23. a3 e6 24. Nf4 b4 25. cxb4 axb4 26. a4 Nxb2 27. Rxd6 Nxa4 28. e5 Nc3 29. Qa6 Qxa6 30. Rxa6 Nd5 31. Nxd5 exd5 32. Rb6 Rxe5 33. Rxe5 Bxe5 34. Rxb4 d4 35. g3 d3 36. Rb5 Bc3 37. Rd5 Rb8 38. Nc5 d2 39. Kg2 Rb1 40. Ne4 d1=Q 41. Rxd1 Rxd1 42. Nxc3 Rd8 43. Ne4 Kg7 44. h4 f5 45. Ng5 Re8 46. Kf3 h6 47. Nh3 Kf6 48. Nf4 Rd8 49. Ng2 Ke5 50. Nf4 Rd6 51. Ne2 Rd3+ 52. Kg2 Ra3 53. Nf4 g5 54. hxg5 hxg5 55. Nh3 Kf6 56. Ng1 Ra2 57. Nf3 g4 58. Nd4 Ke5 59. Nc6+ Ke4 60. Ne7 Ra7 61. Ng6 Ra3 62. Nf4 Rf3 63. Ne6 Rc3 64. Nf4 Rc2 65. Ne6 Ra2 66. Nf4 Ra6 67. Nh5 Ke5 68. Nf4 Ra4 69. Nd3+ Kd6 70. Nf4 Re4 71. Ng6 Kd5 72. Nf4+ Kd4 73. Ng6 Re8 74. Nf4 Ke4 75. Nh5 Rh8 76. Nf4 Rh6 77. Ne2 Ra6 78. Nf4 Ke5 79. Ne2 Ra4 80. Nf4 Rxf4 81. gxf4+ Kxf4 82. Kg1 Kf3 83. Kf1 f4 84. Kg1 g3 85. fxg3 Kxg3 86. Kh1 f3 87. Kg1 Kg4 88. Kf2 Kf4 89. Kf1 Ke5 90. Kf2 Ke4 91. Kf1 Ke3 92. Ke1 Ke4 93. Kf2 Kf4 94. Kf1 Kg3 95. Kg1 Kh3 96. Kf2 Kg4 97. Kf1 Kg3 98. Kg1 1/2-1/2


[Site "https://www.chess.com"]

[Event "Titled Tuesday Blitz May 23 Early 2023"]
[White "zsizsi99"]
[Black "Fantinel, Thibault"]
[BlackFideId "663395"]
[WhiteElo "2370"]
[BlackElo "2316"]
[Result "0-1"]
[Round "06"]
[TimeControl "180+2"]
[Date "2023.05.23"]
[WhiteClock "0:00:01"]
[BlackClock "0:01:01"]

1. e4 c5 2. Nf3 e6 3. d4 cxd4 4. Nxd4 Nc6 5. Nc3 Qc7 6. Qd3 Nf6 7. Ndb5 Qb8 8. Qg3 d6 9. Be3 a6 10. Nd4 h5 11. f3 Ne5 12. O-O-O b5 13. Kb1 Bd7 14. f4 Nc4 15. Bxc4 bxc4 16. f5 e5 17. Nde2 Qb7 18. Nd5 Nxd5 19. Rxd5 Rb8 20. b3 Bc6 21. Rxe5+ dxe5 22. Qxe5+ Be7 23. Qxg7 Rf8 24. f6 cxb3 25. axb3 Bxe4 26. Kb2 Bd6 27. Nc3 Bxc2 28. Kxc2 Qxb3+ 29. Kd3 Be5 30. Bd2 Rd8+ 31. Ke4 Bxc3 32. Bh6 Qe6+ 33. Kf3 Rd3+ 34. Kf2 Qf5+ 35. Ke2 Qe4+ 36. Kf2 Bd4+ 37. Kf1 Rd1# 0-1


[Site "https://www.chess.com"]

[Event "Titled Tuesday Blitz May 23 Early 2023"]
[White "Prieto Aranguren, Alain"]
[Black "Janaszak, Dawid"]
[WhiteFideId "2268906"]
[BlackFideId "1119206"]
[WhiteElo "2209"]
[BlackElo "2220"]
[Result "1/2-1/2"]
[Round "06"]
[TimeControl "180+2"]
[Date "2023.05.23"]
[WhiteClock "0:00:19"]
[BlackClock "0:00:46"]

1. e4 c5 2. Bc4 Nc6 3. d3 e6 4. Qf3 Nf6 5. Nc3 Nd4 6. Qd1 d5 7. Bb3 c4 8. Ba4+ Bd7 9. Bxd7+ Qxd7 10. exd5 exd5 11. dxc4 dxc4 12. Nf3 Bc5 13. Be3 O-O-O 14. Nxd4 Bxd4 15. Bxd4 Qxd4 16. Qxd4 Rxd4 17. O-O Rd2 18. Rac1 Re8 19. Rfd1 Rd7 20. Rxd7 Kxd7 21. Kf1 Kc6 22. Re1 Rxe1+ 23. Kxe1 b5 24. Ke2 b4 25. Nd1 a5 26. Ne3 Kc5 27. Nf5 a4 28. Nxg7 b3 29. cxb3 cxb3 30. axb3 axb3 31. Nf5 Nd5 32. Ne3 Nf4+ 33. Kd2 Kd4 34. h4 h5 35. g3 Nd3 36. Nf5+ Kc4 37. Nd6+ Kd4 38. Nf5+ Kc4 39. Ne3+ Kd4 40. Nd1 f6 41. f3 Ne5 42. Ke2 Nc4 43. g4 hxg4 44. fxg4 Ne5 45. h5 Nxg4 46. Kf3 Nh6 47. Kf4 Kd3 48. Ne3 Kd2 49. Ng4 Ng8 50. h6 Nxh6 51. Nxh6 Kc2 52. Nf5 Kxb2 53. Nd4 Kc3 54. Nxb3 Kxb3 55. Kf5 Kc3 56. Kxf6 1/2-1/2


[Site "https://www.chess.com"]

[Event "Titled Tuesday Blitz May 23 Early 2023"]
[White "Fernandez Garcia, Gumersindo"]
[Black "Sukandar, Irine Kharisma"]
[WhiteFideId "24516740"]
[BlackFideId "7101937"]
[WhiteElo "2093"]
[BlackElo "2315"]
[Result "0-1"]
[Round "06"]
[TimeControl "180+2"]
[Date "2023.05.23"]
[WhiteClock "0:00:14"]
[BlackClock "0:01:07"]

1. e4 c5 2. b3 Nf6 3. Nc3 Nc6 4. Nf3 g6 5. Bb2 Bg7 6. d3 O-O 7. Rb1 d5 8. exd5 Nxd5 9. Nxd5 Bxb2 10. Rxb2 Qxd5 11. Be2 e5 12. O-O b6 13. Nd2 Qd4 14. Rb1 Bb7 15. Bf3 Rad8 16. Ne4 f5 17. Ng5 Rf6 18. Re1 Qh4 19. Qd2 e4 20. Be2 e3 21. Qc3 exf2+ 22. Kh1 fxe1=Q+ 0-1


[Site "https://www.chess.com"]

[Event "Titled Tuesday Blitz May 23 Early 2023"]
[White "Goltseva, Ekaterina"]
[Black "Herzog2012"]
[WhiteFideId "24173770"]
[WhiteElo "2114"]
[BlackElo "2351"]
[Result "0-1"]
[Round "06"]
[TimeControl "180+2"]
[Date "2023.05.23"]
[WhiteClock "0:00:00"]
[BlackClock "0:00:22"]

1. e4 c5 2. Nf3 Nc6 3. d4 cxd4 4. Nxd4 Nf6 5. Nc3 d6 6. Be2 e5 7. Nb3 Be7 8. O-O O-O 9. f4 a5 10. a4 Nb4 11. Kh1 Be6 12. f5 Bxb3 13. cxb3 d5 14. exd5 Nbxd5 15. Bf3 Nxc3 16. bxc3 e4 17. Be2 Qxd1 18. Rxd1 Rfd8 19. Be3 Rxd1+ 20. Rxd1 Rd8 21. Bb6 Rxd1+ 22. Bxd1 Nd5 23. Bxa5 b6 24. Bb4 Bxb4 25. cxb4 Nxb4 26. Kg1 g6 27. Kf2 gxf5 28. Ke3 Kg7 29. Be2 Kf6 30. Bc4 Ke5 31. g3 Nd5+ 32. Bxd5 Kxd5 33. b4 Kc4 34. a5 bxa5 35. bxa5 Kb5 36. g4 fxg4 37. Kxe4 h5 38. Kf4 f6 39. h3 gxh3 40. Kg3 f5 41. Kxh3 f4 42. Kh4 Kxa5 43. Kh3 Kb4 44. Kg2 h4 45. Kf3 h3 46. Kf2 Kc3 47. Kg1 f3 48. Kh2 f2 0-1


[Site "https://www.chess.com"]

[Event "Titled Tuesday Blitz May 23 Early 2023"]
[White "Ovezdurdyyeva, Jemal"]
[Black "Martic, Ivan"]
[WhiteFideId "14001888"]
[BlackFideId "929301"]
[WhiteElo "2043"]
[BlackElo "2360"]
[Result "0-1"]
[Round "06"]
[TimeControl "180+2"]
[Date "2023.05.23"]
[WhiteClock "0:00:09"]
[BlackClock "0:00:15"]

1. e4 c5 2. Nf3 Nc6 3. c3 d5 4. exd5 Qxd5 5. d4 Bg4 6. Be2 e6 7. O-O Nf6 8. Be3 cxd4 9. cxd4 Be7 10. Nc3 Qa5 11. Qb3 Qb4 12. Qxb4 Bxb4 13. a3 Be7 14. Rfd1 O-O 15. d5 exd5 16. Nxd5 Nxd5 17. Rxd5 Bf6 18. Rb5 b6 19. h3 Bd7 20. Rd1 Rfd8 21. Bf4 Be8 22. Rxd8 Rxd8 23. Rb3 Nd4 24. Nxd4 Bxd4 25. Rb4 h6 26. b3 Bc5 27. Re4 Bc6 28. Rc4 Bd5 29. Ra4 a5 30. b4 axb4 31. axb4 Bf8 32. b5 Bc5 33. Ra7 Re8 34. Kf1 g5 35. Bg3 Bb4 36. Rd7 Bc4 37. Rd8 Bxe2+ 0-1


[Site "https://www.chess.com"]

[Event "Titled Tuesday Blitz May 23 Early 2023"]
[White "Berezin, Viktor"]
[Black "Hinds, Nathan"]
[WhiteFideId "14107872"]
[BlackFideId "7400730"]
[WhiteElo "2310"]
[BlackElo "2001"]
[Result "1-0"]
[Round "06"]
[TimeControl "180+2"]
[Date "2023.05.23"]
[WhiteClock "0:00:12"]
[BlackClock "0:00:00"]

1. d4 Nf6 2. Nf3 e6 3. c4 b6 4. g3 Bb7 5. Bg2 d5 6. O-O Be7 7. Ne5 O-O 8. Nd2 c5 9. cxd5 Bxd5 10. Ndf3 Nc6 11. Bf4 Nxd4 12. Nxd4 Bxg2 13. Nxe6 fxe6 14. Qxd8 Raxd8 15. Kxg2 Nd5 16. Nc6 Nxf4+ 17. gxf4 Rd7 18. Rad1 Rc7 19. Nxe7+ Rxe7 20. e3 e5 21. fxe5 Rxe5 22. Rd7 Rf7 23. Rfd1 g6 24. h4 Ree7 25. Rxe7 Rxe7 26. h5 Kf7 27. h6 Ke6 28. f4 b5 29. Kf3 c4 30. e4 Rc7 31. Ke3 b4 32. Rd8 c3 33. bxc3 bxc3 34. Rd1 c2 35. Rc1 Rc3+ 36. Kd4 Rc8 37. Kd3 Rd8+ 38. Kxc2 Rd4 39. Re1 Ra4 40. Kb3 Rd4 41. Kc3 Ra4 42. Re2 Ra3+ 43. Kd4 Rf3 44. Rc2 Rxf4 45. Rc6+ Kf7 46. Ra6 Rh4 47. Rxa7+ Kf6 48. Rxh7 g5 49. a4 g4 50. a5 g3 51. Rg7 Rxh6 52. Rxg3 Rh1 53. Ra3 Rh7 54. a6 Ra7 55. Kc5 Ke6 56. Kb6 Rd7 57. a7 Rd6+ 58. Kc5 1-0


[Site "https://www.chess.com"]

[Event "Titled Tuesday Blitz May 23 Early 2023"]
[White "littlepillow2010"]
[Black "Hajiyev, Kanan"]
[BlackFideId "13404148"]
[WhiteElo "2348"]
[BlackElo "2103"]
[Result "0-1"]
[Round "06"]
[TimeControl "180+2"]
[Date "2023.05.23"]
[WhiteClock "0:00:00"]
[BlackClock "0:01:07"]

1. e4 e5 2. Nf3 Nc6 3. Bc4 Bc5 4. c3 Nf6 5. d3 O-O 6. O-O d5 7. exd5 Nxd5 8. b4 Bb6 9. b5 Na5 10. Nxe5 Nxc4 11. Nxc4 Qf6 12. Nxb6 axb6 13. Bb2 Bd7 14. Qd2 Nf4 15. c4 Qg5 16. g3 Nh3+ 17. Kg2 Qg6 18. Nc3 c6 19. bxc6 Bxc6+ 20. Nd5 Ng5 21. f3 Bxd5 22. cxd5 h5 23. h4 Nh7 24. Rfe1 Rfd8 25. Re5 Nf6 26. Rg5 Qh6 27. Bxf6 Qxf6 28. Re1 g6 29. Re2 Ra5 30. Qb2 Qd6 31. Qb3 Rxd5 32. Rxd5 Qxd5 33. Re8+ Kh7 34. Qxd5 Rxd5 35. Re7 Kg7 36. Rxb7 b5 37. Rb6 Kf8 38. Kh3 Ke7 39. f4 Kd7 40. Rb7+ Ke6 41. Rb6+ Kf5 42. Rb7 f6 43. Rb6 Rc5 44. d4 Rd5 45. a3 Rxd4 46. Rxb5+ Ke6 47. Ra5 Rd2 48. a4 Ra2 49. Ra6+ Kf5 50. Ra5+ Ke6 51. Ra8 Kf5 52. a5 Ke4 53. a6 Kf3 54. a7 Kf2 0-1


[Site "https://www.chess.com"]

[Event "Titled Tuesday Blitz May 23 Early 2023"]
[White "Yurasova, Daria"]
[Black "Dishman, Stephen"]
[WhiteFideId "34146919"]
[BlackFideId "403024"]
[WhiteElo "2109"]
[BlackElo "2204"]
[Result "1/2-1/2"]
[Round "06"]
[TimeControl "180+2"]
[Date "2023.05.23"]
[WhiteClock "0:00:10"]
[BlackClock "0:00:12"]

1. d4 d5 2. Nf3 Nf6 3. c4 c6 4. cxd5 cxd5 5. g3 Nc6 6. Bg2 Bf5 7. O-O e6 8. Nc3 h6 9. Bf4 Bd6 10. Bxd6 Qxd6 11. a3 O-O 12. e3 Rfc8 13. Rc1 Na5 14. Ne5 Nc4 15. Nxc4 Rxc4 16. Re1 Rac8 17. Bf1 R4c6 18. Qb3 Qe7 19. Ne2 Bc2 20. Qa2 Ne4 21. b4 Bd3 22. Rxc6 Rxc6 23. Rc1 Qc7 24. Rxc6 Qxc6 25. Qb2 Bxe2 26. Bxe2 Qc3 27. Qxc3 Nxc3 28. Bd3 Kf8 29. Kf1 Ke7 30. f3 Kd6 31. Ke1 Na4 32. Kd2 Nb6 33. Kc3 f6 34. e4 Nd7 35. a4 b6 36. Bb5 Nf8 37. Kd3 Ng6 38. h4 Ne7 39. Kc3 a5 40. Bd3 Nc6 41. bxa5 bxa5 42. Bb5 Ne7 43. Kd3 Nc8 44. Ke3 Ne7 45. Kf4 e5+ 46. Ke3 Ke6 47. dxe5 fxe5 48. exd5+ Kxd5 49. Be8 Nf5+ 50. Kf2 Nd6 51. Bd7 Kd4 52. Ke2 Nc4 53. g4 Nb6 54. Bb5 Nd5 55. Kf2 Nf4 56. Kg3 Ne6 57. Bd7 Nf4 58. g5 hxg5 59. hxg5 Nd5 60. Kg4 Ne7 61. Bb5 Ke3 62. Bd7 Kd4 63. Bb5 1/2-1/2


[Site "https://www.chess.com"]

[Event "Titled Tuesday Blitz May 23 Early 2023"]
[White "Avalos Parra, Joao"]
[Black "Estrada Nieto, Julian"]
[WhiteFideId "3402541"]
[BlackFideId "5101018"]
[WhiteElo "2173"]
[BlackElo "2161"]
[Result "1-0"]
[Round "06"]
[TimeControl "180+2"]
[Date "2023.05.23"]
[WhiteClock "0:00:11"]
[BlackClock "0:00:00"]

1. d4 d5 2. c4 dxc4 3. e4 e5 4. Nf3 exd4 5. Bxc4 Nc6 6. O-O Be6 7. Bb5 Bc5 8. b4 Bb6 9. a4 a6 10. Bxc6+ bxc6 11. Nbd2 Nf6 12. Ne5 Qd6 13. Nd3 Qd7 14. f4 Qe7 15. f5 Bd7 16. Qf3 O-O 17. e5 Nd5 18. Ne4 f6 19. e6 Be8 20. Bb2 Nc3 21. a5 Ba7 22. Rac1 c5 23. bxc5 Bb5 24. Nxc3 dxc3 25. Rxc3 Rad8 26. Ba3 Rxd3 27. Rxd3 Bxd3 28. Qxd3 Bxc5+ 29. Bxc5 Qxc5+ 30. Kh1 Qb5 31. Qxb5 axb5 32. Rc1 Rc8 33. Rc6 Kf8 34. Kg1 Ke7 35. Kf2 Kd8 36. Ke3 Ra8 37. a6 b4 38. Kd3 b3 39. Kc3 Rb8 40. Kb2 Ra8 41. Kxb3 Kc8 42. Kc4 Kd8 43. Kc5 Ra7 44. Kb5 Ra8 45. Rc2 Ra7 46. Rd2+ Ke8 47. Ra2 Ke7 48. Kc6 Kd8 49. Ra4 Kc8 50. g4 h6 51. e7 Rxa6+ 52. Rxa6 1-0


[Site "https://www.chess.com"]

[Event "Titled Tuesday Blitz May 23 Early 2023"]
[White "Alexikov, Alexander"]
[Black "Korkmaz, Necmettin"]
[WhiteFideId "14103958"]
[BlackFideId "6303285"]
[WhiteElo "2186"]
[BlackElo "2097"]
[Result "0-1"]
[Round "06"]
[TimeControl "180+2"]
[Date "2023.05.23"]
[WhiteClock "0:00:08"]
[BlackClock "0:00:14"]

1. e4 e5 2. Nf3 Nc6 3. c3 d5 4. Qa4 f6 5. Bb5 dxe4 6. Bxc6+ bxc6 7. Qxc6+ Bd7 8. Qxe4 Ne7 9. d4 Bc6 10. Qe2 e4 11. Nfd2 Qd5 12. O-O Ng6 13. Nc4 Bd6 14. f3 O-O 15. fxe4 Qxe4 16. Qxe4 Bxe4 17. Nxd6 cxd6 18. Na3 Rfe8 19. Nb5 Bd3 20. Nc7 Bxf1 21. Nxe8 Bd3 22. Nxd6 Rd8 23. Nb7 Re8 24. Nc5 Re1+ 25. Kf2 Rf1+ 26. Kg3 Bb5 27. b3 Re1 28. c4 Be8 29. Bb2 Re2 30. Bc3 Re3+ 31. Kf2 Rxc3 32. Re1 Kf7 33. a4 a5 34. Re3 Rc2+ 35. Kg3 h5 36. h4 f5 37. Rf3 f4+ 38. Kh3 Rd2 39. d5 Ke7 40. g3 fxg3 41. Rxg3 Nf4# 0-1


[Site "https://www.chess.com"]

[Event "Titled Tuesday Blitz May 23 Early 2023"]
[White "Belov, Alexei"]
[Black "Yanayt, Eugene"]
[WhiteFideId "4128206"]
[BlackFideId "2020165"]
[WhiteElo "2487"]
[BlackElo "2083"]
[Result "1-0"]
[Round "06"]
[TimeControl "180+2"]
[Date "2023.05.23"]
[WhiteClock "0:00:06"]
[BlackClock "0:00:03"]

1. e4 c5 2. Nf3 d6 3. d4 cxd4 4. Nxd4 Nf6 5. Nc3 g6 6. Be3 Bg7 7. f3 O-O 8. Qd2 Nc6 9. Bc4 Bd7 10. O-O-O Rc8 11. Bb3 Ne5 12. h4 h5 13. Bg5 Rc5 14. g4 hxg4 15. f4 Rxc3 16. Qxc3 Nxe4 17. Qe3 Nxg5 18. hxg5 Nf3 19. Nxf3 gxf3 20. Qxf3 Qc7 21. Qe2 Bf5 22. c3 Rc8 23. Qe3 Qa5 24. Rd4 Qc5 25. Qxe7 Rf8 26. Qxd6 Qa5 27. Ra4 Qb5 28. Rb4 Qe2 29. Qd2 Qf3 30. Qh2 Rc8 31. Rc4 Rxc4 32. Bxc4 Qe4 33. Bb3 Qb1+ 34. Kd2 Qxb2+ 35. Kd1 Qxc3 36. Qd2 Qa1+ 37. Qc1 Qd4+ 38. Qd2 Qe4 39. Qd8+ Bf8 40. Rh8+ Kxh8 41. Qxf8+ Kh7 42. Qxf7+ Kh8 43. Qg8# 1-0


[Site "https://www.chess.com"]

[Event "Titled Tuesday Blitz May 23 Early 2023"]
[White "Li, Hui"]
[Black "Goncalves, Davi Sulzbacher"]
[WhiteFideId "15400310"]
[BlackFideId "2154510"]
[WhiteElo "1966"]
[BlackElo "2182"]
[Result "0-1"]
[Round "06"]
[TimeControl "180+2"]
[Date "2023.05.23"]
[WhiteClock "0:00:00"]
[BlackClock "0:00:30"]

1. e4 c5 2. Nf3 Nc6 3. d4 cxd4 4. Nxd4 Nf6 5. Nc3 e5 6. Ndb5 d6 7. Bg5 a6 8. Na3 b5 9. Nd5 Be7 10. Bxf6 Bxf6 11. c3 Bg5 12. Nc2 Rb8 13. a4 bxa4 14. Ncb4 Bd7 15. Bxa6 O-O 16. O-O Nxb4 17. cxb4 Bc6 18. b5 Bxb5 19. Bxb5 Rxb5 20. Qc2 Qb8 21. Ra2 Rc8 22. Qxa4 Rxb2 23. Rxb2 Qxb2 24. g3 g6 25. h4 Bd8 26. Qd7 Qc2 27. h5 Qc6 28. Qg4 Kg7 29. Rd1 Rb8 30. Ne3 Kf8 31. Qf3 Rb4 32. Nd5 Rd4 33. Rxd4 exd4 34. hxg6 hxg6 35. Qd3 Qc5 36. Kg2 Kg7 37. Kf1 Ba5 38. Ke2 f5 39. f3 Bc3 0-1


[Site "https://www.chess.com"]

[Event "Titled Tuesday Blitz May 23 Early 2023"]
[White "Koutlas, Nikolaos"]
[Black "Todorovic, Bojan"]
[WhiteFideId "25827138"]
[BlackFideId "917087"]
[WhiteElo "2215"]
[BlackElo "2266"]
[Result "0-1"]
[Round "06"]
[TimeControl "180+2"]
[Date "2023.05.23"]
[WhiteClock "0:00:00"]
[BlackClock "0:00:08"]

1. e4 g6 2. Nf3 Bg7 3. Nc3 d6 4. Bc4 e6 5. d4 a6 6. O-O b5 7. Bb3 Bb7 8. Re1 Ne7 9. h4 Nd7 10. h5 c5 11. h6 Bf8 12. a3 c4 13. Ba2 Qc7 14. Ng5 Ng8 15. a4 b4 16. Nd5 exd5 17. exd5+ Be7 18. Qf3 Ngf6 19. Qe2 Nxd5 20. Bxc4 N7f6 21. Nxf7 Kxf7 22. Bg5 Rhe8 23. Qe6+ Kf8 24. Re3 Bd8 25. Qh3 Nxe3 26. fxe3 Qxc4 27. Rf1 Qe6 28. Qf3 Kg8 29. Qxb7 Be7 30. Bxf6 Bxf6 31. Qc6 Rac8 32. Qb7 Rxc2 33. Rxf6 Qxf6 34. Qd5+ Qf7 35. Qb7 Qxb7 0-1


[Site "https://www.chess.com"]

[Event "Titled Tuesday Blitz May 23 Early 2023"]
[White "Barbot, Pierre"]
[Black "Lesbekova, Assel"]
[WhiteFideId "663727"]
[BlackFideId "13713248"]
[WhiteElo "2431"]
[BlackElo "1805"]
[Result "1-0"]
[Round "06"]
[TimeControl "180+2"]
[Date "2023.05.23"]
[WhiteClock "0:00:01"]
[BlackClock "0:00:10"]

1. d4 Nf6 2. Nc3 c5 3. d5 d6 4. e4 g6 5. Bc4 Bg7 6. Nge2 O-O 7. O-O e5 8. dxe6 Bxe6 9. Qd3 Qe7 10. h3 Nc6 11. Bxe6 fxe6 12. Bf4 Rad8 13. Rad1 Ne8 14. Qg3 Bf6 15. Nb5 e5 16. Bh6 Rf7 17. Nec3 Nd4 18. Nxd4 exd4 19. Nd5 Qxe4 20. Nxf6+ Nxf6 21. Rfe1 Qxc2 22. Rd2 Qf5 23. Rde2 d3 24. Re7 d2 25. Bxd2 Rxe7 26. Rxe7 Ne4 27. Qb3+ d5 28. Be3 b6 29. Qa4 a5 30. Qc6 Rf8 31. Qc7 Rf7 32. Bh6 Qxf2+ 33. Kh2 Qg3+ 34. Qxg3 Nxg3 35. Re8+ 1-0


[Site "https://www.chess.com"]

[Event "Titled Tuesday Blitz May 23 Early 2023"]
[White "Andreev, Konstantin"]
[Black "Bashkansky, Ethan"]
[WhiteFideId "24239305"]
[BlackFideId "2071533"]
[WhiteElo "2106"]
[BlackElo "2307"]
[Result "1-0"]
[Round "06"]
[TimeControl "180+2"]
[Date "2023.05.23"]
[WhiteClock "0:00:42"]
[BlackClock "0:00:01"]

1. e4 c6 2. d4 d5 3. e5 c5 4. dxc5 Nc6 5. f4 Nh6 6. Nf3 Bg4 7. Be3 e6 8. Nbd2 d4 9. Bf2 Bxc5 10. h3 Bxf3 11. Qxf3 Qb6 12. O-O-O O-O-O 13. Ne4 Kb8 14. g4 Ka8 15. Nxc5 Qxc5 16. Kb1 f6 17. Bg2 fxe5 18. fxe5 Rhf8 19. Qe2 Nxe5 20. Bg3 Nc4 21. Rd3 Ne3 22. Be4 Rc8 23. Rb3 Rf7 24. Qa6 Nd5 25. Qxe6 d3 26. Bxd3 Nf4 27. Bxf4 Rxf4 28. Rc3 1-0


[Site "https://www.chess.com"]

[Event "Titled Tuesday Blitz May 23 Early 2023"]
[White "Fajdetic, Hrvoje"]
[Black "Rom, Jasper"]
[WhiteFideId "14501945"]
[BlackFideId "2023733"]
[WhiteElo "2185"]
[BlackElo "2233"]
[Result "1-0"]
[Round "06"]
[TimeControl "180+2"]
[Date "2023.05.23"]
[WhiteClock "0:00:08"]
[BlackClock "0:00:00"]

1. d4 d5 2. Bf4 Nf6 3. e3 c5 4. Nc3 a6 5. dxc5 Nc6 6. Nf3 e6 7. Na4 Ne4 8. Nb6 Ra7 9. Na4 Nxc5 10. Nxc5 Bxc5 11. c3 O-O 12. Bd3 f6 13. h4 e5 14. Bxh7+ Kf7 15. Bg3 Bg4 16. Qb3 Na5 17. Qd1 Qd7 18. Bxe5 Nc4 19. Bd4 b6 20. b3 Nd6 21. Qc2 Be6 22. Bg6+ Ke7 23. h5 Ne4 24. Bxe4 dxe4 25. Qxe4 Re8 26. h6 1-0


[Site "https://www.chess.com"]

[Event "Titled Tuesday Blitz May 23 Early 2023"]
[White "Ljukin, Sergei"]
[Black "mohsengabr2002"]
[WhiteFideId "14102200"]
[WhiteElo "2312"]
[BlackElo "2298"]
[Result "1-0"]
[Round "06"]
[TimeControl "180+2"]
[Date "2023.05.23"]
[WhiteClock "0:01:19"]
[BlackClock "0:01:45"]

1. e4 f6 2. d4 g6 3. f4 e6 4. Nf3 Nh6 5. c4 f5 6. e5 Nf7 7. Nc3 d6 8. Be3 dxe5 9. dxe5 Qe7 10. Qd2 b6 11. g3 Bb7 12. Bg2 Nd7 13. Nd4 Nc5 14. Bxb7 Nxb7 15. Qg2 Nfd8 16. O-O-O a6 17. Nc6 Qb4 18. Nxb4 1-0


[Site "https://www.chess.com"]

[Event "Titled Tuesday Blitz May 23 Early 2023"]
[White "Zaitsev, Alexander"]
[Black "ChawitAp"]
[WhiteFideId "4164490"]
[WhiteElo "2373"]
[BlackElo "2271"]
[Result "0-1"]
[Round "06"]
[TimeControl "180+2"]
[Date "2023.05.23"]
[WhiteClock "0:00:00"]
[BlackClock "0:00:25"]

1. e4 c6 2. d4 g6 3. Nc3 Bg7 4. f4 d5 5. e5 h5 6. Nf3 Bg4 7. h3 Bxf3 8. Qxf3 e6 9. Bd3 Nd7 10. Be3 a6 11. Ne2 Ne7 12. g4 hxg4 13. hxg4 Rxh1+ 14. Qxh1 c5 15. Qh7 Bf8 16. f5 exf5 17. gxf5 Nxf5 18. Bxf5 gxf5 19. O-O-O Qe7 20. Nc3 Qe6 21. dxc5 Qxe5 22. Nxd5 O-O-O 23. Qxf7 Bg7 24. Bd4 Bh6+ 25. Kb1 Qe2 26. Rg1 Rf8 27. Qg6 Qd2 28. c6 Qxd4 29. cxd7+ Kxd7 30. Qxh6 Qxg1+ 0-1


[Site "https://www.chess.com"]